AoeStats
← Leadman22

Marketplace

504930678Analyzed
1v1 RM · 25d ago on Sep 7, 2026· 63m 13s· 2 players
Game mode
Random Map
Map size
Tiny (2 player)
Population
200
Speed
Normal
Resources
Standard
Victory
Conquest
Starting age
Dark Age
Ending age
Imperial Age
RankedLock teamsTeams togetherTeam positionsShared explorationLock speedFull tech treeHidden civsTurbo modeCheats
Victory
Defeat
🇲🇽 Wei · Mexico
799
+15
🇺🇸 Britons · United States
768
-15
Leadman22
4:51 Loom
14:57 Feudal Age
21:30 Wheelbarrow
21:16 Fletching
21:37 Forging
27:04 Castle Age
26:56 Double-Bit Axe
27:49 Bodkin Arrow
27:17 Crossbowman
28:00 Squires
31:26 Hand Cart
32:29 Iron Casting
31:55 Padded Archer Armor
32:44 Horse Collar
34:53 Stone Mining
34:54 Gold Mining
34:59 Pikeman
35:12 Light Cavalry
35:53 Town Watch
40:36 Murder Holes
41:22 Treadmill Crane
45:05 Imperial Age
43:03 Ballistics
43:36 Gold Shaft Mining
43:05 Heavy Plow
44:32 Bow Saw
45:54 Leather Archer Armor
45:40 Scale Mail Armor
45:45 Scale Barding Armor
46:25 Yeomen
50:07 Imperial Age
50:54 Warwolf
50:28 Halberdier
51:35 Conscription
53:03 Chemistry
53:24 Warwolf
59:46 Masonry
iisraelunna
6:15 Loom
11:43 Feudal Age
12:26 Double-Bit Axe
13:25 Wheelbarrow
13:32 Bloodlines
20:07 Castle Age
19:23 Gold Mining
21:06 Forging
20:57 Scale Mail Armor
21:37 Bow Saw
24:04 Pikeman
24:47 Squires
33:13 Fletching
33:24 Padded Archer Armor
33:24 Elite Skirmisher
35:55 Ballistics
45:41 Imperial Age
44:21 Caravan
46:48 Bodkin Arrow
47:09 Leather Archer Armor
49:04 Conscription
50:45 Bracer
51:15 Ring Archer Armor
50:51 Scale Barding Armor
52:58 Chemistry
59:12 Town Watch
59:44 Hand Cart
60:43 Town Patrol
Connection lost

Rejoining the realm…

Still unreachable

The connection could not be restored.

Session expired

The server has moved on; the page needs a fresh start.